 Dungeon Crawl Stone Soup version 0.27-a0-46-g34d46f0a3f (webtiles) character file.

Game seed: 11968187992521801316

5 Borgoz the Grasshopper (level 1, 0/17 HPs)
             Began as a Ghoul Warper on Jan 7, 2021.
             Slain by a hobgoblin
             ... wielding a +0 club
              (2 damage)
             ... on level 1 of the Dungeon.
             The game lasted 00:00:28 (412 turns).

Borgoz the Grasshopper (Ghoul Warper)                Turns: 412, Time: 00:00:28

Health: 0/17       AC:  3    Str: 14    XL:     1   Next: 80%
Magic:  2/2        EV: 11    Int:  8    God:
Gold:   26         SH:  0    Dex:  8    Spells: 3/3 levels left

rFire    . . .     SeeInvis .     - Unarmed
rCold    + . .     Faith    .   (no shield)
rNeg     + + +     Spirit   .   a - +0 leather armour
rPois    ∞         Reflect  .   (no helmet)
rElec    .         Harm     .   (no cloak)
rCorr    .         Rampage  .   (no gloves)
Will     .....                  (no boots)
Stlth    +.........             (no amulet)
HPRegen  0.00/turn              (no ring)
MPRegen  0.08/turn              (no ring)

@: no status effects
A: claws 1, cold resistance 1, negative energy resistance 3, inhibited
regeneration, torment resistance, unbreathing
a: no special abilities


You were on level 1 of the Dungeon.
You visited 1 branch of the dungeon, and saw 1 of its levels.

You collected 26 gold pieces.

Inventory:

Missiles
 d - 5 boomerangs of dispersal (quivered)
Armour
 a - a +0 leather armour (worn)
Scrolls
 b - 2 scrolls of identify {unknown}
 c - a scroll of blinking
 h - 3 scrolls of remove curse {unknown}
Potions
 e - a potion of ambrosia {unknown}
 f - a potion of magic {unknown}
 g - a potion of heal wounds {unknown}


   Skills:
 + Level 2.2 Fighting
 - Level 0.8 Throwing
 * Level 1.1 Armour
 * Level 2.0 Dodging
 + Level 2.3 Unarmed Combat
 - Level 1.7 Spellcasting
 - Level 2.6 Translocations


You had 3 spell levels left.
You didn't know any spells.
Your spell library contained the following spells:

 Spells                   Type           Power        Failure   Level
 Blink                    Tloc           N/A          22%         2
 Gell's Gravitas          Tloc           2%           41%         3
 Lesser Beckoning         Tloc           2%           41%         3
 Teleport Other           Tloc           5%           41%         3
 Passage of Golubria      Tloc           N/A          83%         4


Dungeon Overview and Level Annotations

Branches:
Dungeon (1/15)

Altars:


Innate Abilities, Weirdness & Mutations

You thrive by killing the living.
You are immune to poison.
You have sharp fingernails.
Your flesh is cold resistant. (rC+)
You are immune to negative energy. (rN+++)
You do not regenerate when monsters are visible.
You are immune to unholy pain and torment.
You can survive without breathing.


Message History

You closely miss the hobgoblin. The hobgoblin hits you with a +0 club.
You closely miss the hobgoblin. The hobgoblin misses you.
You scratch the hobgoblin.
The hobgoblin is lightly wounded.
The hobgoblin closely misses you.
You barely miss the hobgoblin.
The hobgoblin is lightly wounded.
The hobgoblin hits you with a +0 club.
* * * LOW HITPOINT WARNING * * *
You closely miss the hobgoblin.
The hobgoblin is lightly wounded.
You barely miss the hobgoblin.
The hobgoblin is lightly wounded.
The hobgoblin hits you with a +0 club.
* * * LOW HITPOINT WARNING * * *
You see here a scroll labelled ENWULI YCOYG.
You scratch the hobgoblin but do no damage.
The hobgoblin is lightly wounded.
The hobgoblin hits you with a +0 club.
You die...

########.##.##.
........# ... #..
#######.####.# #.# #
#....#.#. #.#.#
#.##.#.#.##.#.
#.##.#.#..#>.
#.##.#.# ...#
#.##.#.####.###.####
#.##.#...@g?........
#.##...####.###.####
#. ###.# #.# ..# #.#
#### #.# #.# ..# ###


You could see a hobgoblin.

Vanquished Creatures
  3 goblins (D:1)
  A hobgoblin (D:1)
  A frilled lizard (D:1)
5 creatures vanquished.

Notes
Turn   | Place    | Note
-------+----------+-------------------------------------------
     0 | D:1      | Borgoz the Ghoul Warper began the quest for the Orb.
     0 | D:1      | Reached XP level 1. HP: 17/17 MP: 2/2
    40 | D:1      | Reached skill level 1 in Armour
   412 | D:1      | Slain by a hobgoblin

Illustrated notes

Levels and vault maps discovered:
D:1:      amcnicky_arrival_choice, layout_basic

Skill      XL: |  1 |
---------------+----+-----
Armour         | 1 |  1.1
Dodging        | 2 |  2.0
Fighting       | |  2.2
Throwing       | |  0.8
Unarmed Combat | |  2.3
Spellcasting   | |  1.7
Translocations | |  2.6

Action                   || total
-------------------------++-------
Melee: Unarmed           ||    38
       Punch             ||     1
Armor: Leather armour    ||     6
Dodge: Dodged            ||    14

Table legend: (Time is in decaauts)
 A = Elapsed time spent in this place.
 B = Non-inter-level travel time spent in this place.
 C = Inter-level travel time spent in this place.
 D = Time resting spent in this place.
 E = Time spent auto-exploring this place.
 F = Levels seen in this place.
 G = Mean time per level.
                   A        B        C        D        E       F      G
               +--------+--------+--------+--------+--------+-----+--------+
         Total |    410 |    410 |      0 |    137 |    210 |   1 |  410.0 |
       Dungeon |    410 |    410 |      0 |    137 |    210 |   1 |  410.0 |
               +--------+--------+--------+--------+--------+-----+--------+

Top non-repeatable levels by time:
     D:1: 410 daAuts
